 Dungeon Crawl Stone Soup version 0.30.1-11-g7821555f0a (webtiles) character file.

Game seed: 621292438650768149

13 Kallu the Firebug (level 2, 0/20 HPs)
             Began as a Demigod Fire Elementalist on Dec 23, 2023.
             Slain by a kobold
             ... wielding a +3 short sword
              (2 damage)
             ... on level 1 of the Dungeon.
             The game lasted 00:01:42 (459 turns).

Kallu the Firebug (Demigod Fire Elementalist)        Turns: 459, Time: 00:01:43

Health: 0/20       AC:  2    Str:  9    XL:     2   Next: 12%
Magic:  0/7        EV: 12    Int: 17    God:
Gold:   0          SH:  0    Dex: 14    Spells: 4/5 levels left

rFire   . . .        (no weapon)
rCold   . . .        (no shield)
rNeg    . . .        a - +0 robe
rPois   .            (no helmet)
rElec   .            (no cloak)
rCorr   .            (no gloves)
SInv    .            (no boots)
Will    .....        (no amulet)
Stlth   ++           c - ring of wizardry
HPRegen 0.23/turn    (no ring)
MPRegen 0.10/turn

%: wizardry (x1)
@: no status effects
A: high MP 1, forlorn, divine attributes
a: no special abilities


You were on level 1 of the Dungeon.
You visited 1 branch of the dungeon, and saw 1 of its levels.

Inventory:

Armour
 a - a +0 robe (worn)
Jewellery
 c - a ring of wizardry (left hand)
Scrolls
 d - a scroll of identify {unknown}
 e - a scroll of enchant weapon {unknown}
Potions
 b - a potion of magic


   Skills:
 - Level 1.7 Dodging
 - Level 1.7 Stealth
 + Level 2.1 Spellcasting
 + Level 1.3 Conjurations
 + Level 2.9 Fire Magic


You had 4 spell levels left.
You knew the following spells:

 Your Spells              Type           Power      Damage    Failure   Level
a - Foxfire               Conj/Fire      36%        2x1d5     3%          1

Your spell library contained the following spells:

 Spells                   Type           Power      Damage    Failure   Level
 Scorch                   Fire           22%        2d6       3%          2
 Inner Flame              Hex/Fire       6%         N/A       12%         3
 Volatile Blastmotes      Fire/Tloc      12%        2d11      12%         3
 Frozen Ramparts          Ice            2%         1d1       22%         3
 Flame Wave               Conj/Fire      9%         2d6       30%         4
 Ice Form                 Ice/Tmut       1%         N/A       56%         4
 Summon Ice Beast         Ice/Summ       1%         N/A       56%         4


Dungeon Overview and Level Annotations

Branches:
Dungeon (1/15)


Innate Abilities, Weirdness & Mutations

You have an increased reservoir of magic. (+10% MP)
You shall have no god before yourself.
Your divine heritage dramatically boosts your attributes as you level up.


Message History

The foxfire hits the endoplasm.
You kill the endoplasm!
The foxfire hits the kobold but does no damage.
The kobold hits you with a +3 short sword.
You barely miss the kobold. The kobold closely misses you.
You barely miss the kobold. The kobold misses you.
You hit the kobold but do no damage.
The kobold hits you with a +3 short sword.
You hit the kobold but do no damage. The kobold misses you.
You closely miss the kobold.
The kobold hits you with a +3 short sword.
You hit the kobold but do no damage.
The kobold hits you with a +3 short sword!
You barely miss the kobold.
The kobold hits you with a +3 short sword.
* * * LOW HITPOINT WARNING * * *
Casting: Foxfire (safe; 3% risk of failure)
Press: ? - help, Q - select action Dir - look around, f - activate You conjure some foxfire!
The kobold hits you with a +3 short sword.
* * * LOW HITPOINT WARNING * * *
Your foxfire dissipates!
The kobold attacks as you move away! The kobold closely misses you.
The kobold attacks as you move away! The kobold barely misses you.
Casting: Foxfire (safe; 3% risk of failure)
Press: ? - help, Q - select action Dir - look around, f - activate You conjure some foxfire!
The kobold closely misses you.
Your foxfire dissipates!
The foxfire hits the kobold but does no damage.
The kobold attacks as you move away! The kobold closely misses you.
The kobold attacks as you move away!
The kobold hits you with a +3 short sword.
* * * LOW HITPOINT WARNING * * *
There is an open door here.
Casting: Foxfire (safe; 3% risk of failure)
Press: ? - help, Q - select action Dir - look around, f - activate You conjure some foxfire!
The kobold hits you with a +3 short sword.
You die...

..# #.###############
#.#.............#
#.#...##........#
##.#...#8........##
######..+...##..........
##......v#...##..###.####
........@K...##....#.# #
#..#####v#...#8..#.#.# #.
#.#...##..#.#.#
#.##.########.#...##..#.#.#
#...>.......#.#...##..#.#.#
###.#..###.#.#...#⌠..#.#.#
# ###.#.....######..#.#..
##8###8#.#.#.### #.. ..
...........#.#######


You could see a kobold (ally target).

Vanquished Creatures
  2 endoplasms (D:1)
  3 hobgoblins (D:1)
  4 kobolds (D:1)
  A bat (D:1)
  2 rats (D:1)
12 creatures vanquished.

Vanquished Creatures (others)
  34 foxfires (D:1)
34 creatures vanquished.

Grand Total: 46 creatures vanquished

Notes
Turn   | Place    | Note
-------+----------+-------------------------------------------
     0 | D:1      | Kallu the Demigod Fire Elementalist began the quest for the
                  | Orb.
     0 | D:1      | Reached XP level 1. HP: 14/14 MP: 5/5
    46 | D:1      | Reached skill level 1 in Conjurations
   388 | D:1      | Reached XP level 2. HP: 16/20 MP: 1/7
   455 | D:1      | HP: 1/20 [kobold/+3 short sword (6)]
   459 | D:1      | Slain by a kobold

Illustrated notes

Levels and vault maps discovered:
D:1:      lightli_arrival_boilingwater, layout_basic, serial_corexii_hall,
          chequers_hall_statues_wall_a, chequers_hall_statues_wall_a,
          corexii_hall_statues_x, corexii_hall_statues_deadend,
          hellmonk_ecumenical_altar_leap_of_faith, minmay_strange_pillars,
          minmay_bisected

Skill      XL: |  1 |
---------------+----+-----
Conjurations   | 1 |  1.3
Spellcasting   | 2 |  2.1
Dodging        | |  1.7
Stealth        | |  1.7
Fire Magic     | |  2.9

Action                     || total
---------------------------++-------
  Melee: Unarmed           ||    22
         Punch             ||     1
   Cast: Foxfire           ||    29
 Armour: Robe              ||     4
  Dodge: Dodged            ||    20
